 Dungeon Crawl Stone Soup version 0.30.0 (webtiles) character file.

Game seed: 9344790092926503580

302 Dani the Chopper (level 6, 32/47 HPs)
             Began as a Demonspawn Fighter on May 21, 2023.
             Was an Initiate of Gozag.
             Quit the game on level 4 of the Dungeon.
             The game lasted 00:04:47 (2886 turns).

Dani the Chopper (Demonspawn Fighter)               Turns: 2886, Time: 00:04:47

Health: 32/47      AC: 10    Str: 16    XL:     6   Next: 14%
Magic:  6/6        EV:  8    Int: 11    God:    Gozag
Gold:   150        SH:  4    Dex: 13    Spells: 5/5 levels left

rFire   . . .        a - +0 war axe
rCold   . . .        c - +0 buckler
rNeg    . . .        b - +0 scale mail
rPois   .            i - +1 helmet
rElec   .            (no cloak)
rCorr   .            (no gloves)
SInv    .            (no boots)
Will    .....        (no amulet) Stlth
                     l - ring of flight
HPRegen 0.27/turn    (no ring)
MPRegen 0.10/turn

%: no passive effects
@: gold aura, flying
A: hooves 2, icy blue scales 1, foul stench 1
a: Renounce Religion, Potion Petition, Call Merchant, Bribe Branch


You were on level 4 of the Dungeon.
You worshipped Gozag.
Gozag was aware of your devotion.
You visited 1 branch of the dungeon, and saw 4 of its levels.

You collected 160 gold pieces.
You paid 10 gold pieces to Gozag.

Inventory:

Hand Weapons
 a - a +0 war axe (weapon)
Missiles
 h - 6 poisoned darts (quivered)
Armour
 b - a +0 scale mail (worn)
 c - a +0 buckler (worn)
 i - a +1 helmet (worn)
   (You found it on level 2 of the Dungeon)
Jewellery
 l - a ring of flight (left hand)
   (You found it on level 3 of the Dungeon)
Scrolls
 d - a scroll of silence
 f - 2 scrolls of poison
Potions
 e - 2 potions of flight
 g - a potion of brilliance


   Skills:
 - Level 3.0 Fighting
 + Level 6.0 Axes
 - Level 2.6 Armour
 - Level 2.6 Shields


You had 5 spell levels left.
You didn't know any spells.
Your spell library was empty.

Dungeon Overview and Level Annotations

Branches:
Dungeon (4/15)
 Temple: D:4-7

Altars:
Dithmenos
Gozag
Nemelex Xobeh
Uskayaw
Wu Jian
Yredelemnul


Innate Abilities, Weirdness & Mutations

You have hoof-like feet.
You are partially covered in icy blue scales. (AC +2)
You may rarely emit foul miasma when damaged in melee.


Message History

a +1 hand axe of electrocution; a +0 leather armour You now have 145 gold pieces (gained 6).
Things that are here:
a +0 trident; a +0 leather armour You see here a +0 whip.
You now have 150 gold pieces (gained 5).
You see here a +0 mace.
Key pressed, stopping explore.
Key pressed, stopping explore.
Key pressed, stopping explore.
There is a stone staircase leading down here.
Key pressed, stopping explore.
An orc comes into view. It is wielding a +0 short sword.
The orc shouts!
You hear a shout! x2
An orc comes into view. It is wielding a +0 dagger.
An orc wizard comes into view. It is wielding a +0 dagger.
An orc comes into view. It is wielding a +0 short sword.
There are monsters nearby!
There are monsters nearby!
There are monsters nearby!
There are monsters nearby!
An orc comes into view. It is wielding a +0 mace.
The orc shouts! x2
The orc throws a boomerang.
The boomerang hits you.
The orc wizard mumbles some strange words.
The orc wizard flickers and vanishes!
Deactivating autopickup; reactivate with Ctrl-A.
You barely miss the orc. You kick the orc.
The orc is heavily wounded.
You barely miss something. The orc hits you with a +0 short sword.
You emit a cloud of foul miasma!
The orc is engulfed in dark miasma.
The orc is poisoned.
You kill the orc!
The orc hits you with a +0 dagger.
You hit the orc. Your kick misses the orc.
The orc is severely wounded.
You barely miss the orc. The orc barely misses you. x2
You hear some strange, mumbled words.
You are confused.
You closely miss the orc. You kick the orc.
You kill the orc!
You closely miss the orc. The orc barely misses you.
You hit the orc. Your kick misses the orc.
The orc is severely wounded.
You barely miss the orc. The orc hits you but does no damage. x2
You bump into the rock wall.
The orc hits you but does no damage. x2
Something hits you.
You hit the orc. Your kick misses the orc.
The orc is moderately wounded.
You closely miss something. You closely miss the orc.
The orc barely misses you. The orc hits you but does no damage.
Something hits you but does no damage. The orc hits you with a +0 mace.
The orc hits you but does no damage.
You hear some strange, mumbled words.
You are more confused.
You slash the orc!
You kill the orc!
You closely miss the orc. You closely miss something.
A scorpion comes into view.
Something hits you but does no damage. The orc barely misses you.
The orc hits you but does no damage.
Items here: $ ( )).
The scorpion is distracted by your dazzling golden aura.
The orc hits you with a +0 dagger.
Items here: $ ( )).
The orc attacks as you move away! The orc barely misses you.
You feel less confused.
The scorpion is no longer distracted by gold.
Things that are here:
6 gold pieces; a +0 short sword You hear a shout!
You hit the orc.
You kill the orc!
You miss something. Something hits you but does no damage.
The scorpion is distracted by your dazzling golden aura.
You closely miss something.
You hear a shout!
Your kick misses something.
You hear a shout!
The scorpion is no longer distracted by gold.
Something hits you.
You hit something but do no damage. Something hits you.
Something hits you but does no damage.
You slash the scorpion! You kick the scorpion.
The scorpion is severely wounded.
You hit something.
An adder comes into view.
The scorpion is distracted by your dazzling golden aura.
Something hits you but does no damage.
The adder hisses angrily.
You slash the scorpion!
You kill the scorpion!
You barely miss something.
The adder is distracted by your dazzling golden aura.
Something hits you but does no damage.
Your Axes skill increases to level 6!
You have reached level 6!
Your demonic ancestry asserts itself...
Icy blue scales grow over part of your body.
Are you sure you want to abandon this character and quit the game? (Confirm with "yes".)

########## ..
.......... .###+ # #.#
########.# .S.... .##.#
#### #.# ...... .....
...# #.# ...... #...#
...# #.# ......####.#.#
...# #.#
#......#.#.##...# ###.#
+....{@..#..#...# #...#
#....$$#......# #.###
#....$.#..##.## #.#
#......#......# #.#
#......##..#..#####.###
#......##...#.##......#
###.#.###..##..>......#
.............#......#
####.####.....#......#


You could see an adder (unaware).

Vanquished Creatures
  A scorpion (D:4)
  An orc priest (D:4)
  Jessica (D:2)
  Natasha (D:2)
  An iguana (D:4)
  6 adders
  A worm (D:2)
  A dart slug (D:1)
  12 orcs
  5 bats
  8 endoplasms
  4 giant cockroaches
  5 goblins
  2 hobgoblins
  6 jackals
  A kobold (D:1)
  4 quokkas
  3 ball pythons
  3 frilled lizards
  4 rats
70 creatures vanquished.

Notes
Turn   | Place    | Note
-------+----------+-------------------------------------------
     0 | D:1      | Dani the Demonspawn Fighter began the quest for the Orb.
     0 | D:1      | Reached XP level 1. HP: 18/18 MP: 1/1
    70 | D:1      | Reached skill level 2 in Axes
   157 | D:1      | Gained mutation: You have large cloven feet. [demonic
                  | ancestry]
   157 | D:1      | Reached XP level 2. HP: 14/24 MP: 2/2
   379 | D:1      | Reached skill level 3 in Axes
   685 | D:2      | Reached XP level 3. HP: 23/29 MP: 3/3
   812 | D:2      | Noticed Jessica
   817 | D:2      | HP: 7/29 [poisoned by Jessica]
   818 | D:2      | Killed Jessica
   819 | D:2      | Gained mutation: You may rarely emit foul miasma when
                  | damaged in melee. [demonic ancestry]
   819 | D:2      | Reached XP level 4. HP: 6/35 MP: 4/4
   821 | D:2      | HP: 3/35 [poisoned by Jessica]
   824 | D:2      | HP: 1/35 [poisoned by Jessica]
   869 | D:2      | Reached skill level 4 in Axes
  1177 | D:2      | Gained mutation: You are dopey. (Int -2) [potion of
                  | mutation]
  1177 | D:2      | Lost mutation: You are dopey. (Int -2) [potion of mutation]
  1465 | D:2      | Noticed Natasha
  1470 | D:2      | Killed Natasha
  1471 | D:2      | Gained mutation: You have hoof-like feet. [demonic
                  | ancestry]
  1471 | D:2      | Reached XP level 5. HP: 41/41 MP: 5/5
  1742 | D:3      | Found an opulent altar of Gozag.
  1813 | D:3      | Became a worshipper of Gozag Ym Sagoz the Greedy
  1857 | D:3      | Reached skill level 5 in Axes
  2030 | D:3      | Found an ornate altar of the Wu Jian Council.
  2030 | D:3      | Found a sparkling altar of Nemelex Xobeh.
  2258 | D:3      | Found a basalt altar of Yredelemnul.
  2606 | D:4      | Found a hide-covered altar of Uskayaw.
  2686 | D:4      | Found a shadowy altar of Dithmenos.
  2704 | D:4      | HP: 9/41 [orc priest/+0 trident (2)]
  2886 | D:4      | Reached skill level 6 in Axes
  2886 | D:4      | Gained mutation: You are partially covered in icy blue
                  | scales. (AC +2) [demonic ancestry]
  2886 | D:4      | Reached XP level 6. HP: 32/47 MP: 6/6
  2886 | D:4      | Quit the game

Illustrated notes

Levels and vault maps discovered:
D:1:      dpeg_arrival_rooms_a, layout_basic
D:2:      layout_loops_ring, reono_crystal_passage, roderic_roman_lattice,
          minivault_23, uniq_jessica, uniq_natasha
D:3:      layout_basic, marbit_many_paths, mainiacjoe_overflow_chevrons,
          nicolae_overflow_hidden_temple
D:4:      layout_basic, nicolae_dithmenos_through_a_glass_darkly,
          mainiacjoe_overflow_brackets

Skill      XL: |  1  2  3  4  5 |
---------------+----------------+-----
Axes           | 2 3 4 6 |  6.0
Fighting       | |  3.0
Armour         | |  2.6
Shields        | |  2.6

Action                     |  1- 3 |  4- 6 || total
---------------------------+-------+-------++-------
  Melee: War axe           |    63 |   114 ||   177
         Kick              |     8 |    23 ||    31
    Use: Potion            |     2 |     7 ||     9
         Scroll            |     2 |     6 ||     8
 Armour: Scale mail        |    41 |    59 ||   100
  Dodge: Dodged            |    31 |    49 ||    80
  Block: Buckler           |    18 |    23 ||    41

Levels and vault maps discovered:
D:1:      dpeg_arrival_rooms_a, layout_basic
D:2:      layout_loops_ring, reono_crystal_passage, roderic_roman_lattice,
          minivault_23, uniq_jessica, uniq_natasha
D:3:      layout_basic, marbit_many_paths, mainiacjoe_overflow_chevrons,
          nicolae_overflow_hidden_temple
D:4:      layout_basic, nicolae_dithmenos_through_a_glass_darkly,
          mainiacjoe_overflow_brackets

Table legend: (Time is in decaauts)
 A = Elapsed time spent in this place.
 B = Non-inter-level travel time spent in this place.
 C = Inter-level travel time spent in this place.
 D = Time resting spent in this place.
 E = Time spent auto-exploring this place.
 F = Levels seen in this place.
 G = Mean time per level.
                   A        B        C        D        E       F      G
               +--------+--------+--------+--------+--------+-----+--------+
         Total |   2956 |   2836 |    120 |      0 |   2303 |   4 |  739.0 |
       Dungeon |   2956 |   2836 |    120 |      0 |   2303 |   4 |  739.0 |
               +--------+--------+--------+--------+--------+-----+--------+

Top non-repeatable levels by time:
     D:2: 1076 daAuts
     D:3: 897 daAuts
     D:1: 689 daAuts
     D:4: 294 daAuts

Table legend:
 A = Kills in this place as a percentage of kills in the entire game.
 B = Kills by you in this place as a percentage of kills by you in the entire game.
 C = Kills by friends in this place as a percentage of kills by friends in the entire game.
 D = Other kills in this place as a percentage of other kills in the entire game.
 E = Experience gained in this place as a percentage of experience gained in the entire game.
 F = Experience gained in this place divided by the number of levels of this place that you have seen.
                   A       B       C       D       E      F
               +-------+-------+-------+-------+-------+----------------------
         Total | 100.0 | 100.0 |   N/A |   N/A | 100.0 | 108.0
       Dungeon | 100.0 | 100.0 |   N/A |   N/A | 100.0 | 108.0
               +-------+-------+-------+-------+-------+----------------------
